 Dungeon Crawl Stone Soup version 0.29-a0-243-g602b31c20e (webtiles) character file.

Game seed: 8041102935037148539

6200 sammy202020 the Cleaver (level 10, -4/138 HPs)
             Began as a Minotaur Berserker on Mar 5, 2022.
             Was a High Priest of Trog.
             Slain by a two-headed ogre
             ... wielding a +0 giant club
              (11 damage)
             ... on level 9 of the Dungeon.
             The game lasted 00:23:55 (6372 turns).

sammy202020 the Cleaver (Minotaur Berserker)        Turns: 6372, Time: 00:23:56

Health: -4/138     AC: 23    Str: 23    XL:     10   Next: 61%
Magic:  9/9        EV: 10    Int: 14    God:    Trog [*****.]
Gold:   239        SH: 12    Dex: 15    Spells: 9/9 levels left

rFire   . . .      SeeInvis +   u - +1 war axe (protect)
rCold   + + .      Faith    .   w - +2 kite shield
rNeg    . . .      Spirit   .   b - +0 chain mail
rPois   .          Reflect  .   x - +2 hat
rElec   .          Harm     .   q - +0 cloak
rCorr   .          Rampage  .   y - +0 pair of gloves
Will    ++...                   (no boots)
Stlth   ..........              l - amulet of regeneration
HPRegen 2.13/turn               i - ring "Nixaanenn" {Int+6 Dex+6}
MPRegen 0.11/turn               r - ring of Noattuel {rC++ SInv}

@: berserking, strong-willed, under a protective aura, regenerating, studying
Crossbows, very quick
A: horns 2, retaliatory headbutt, MP-powered wands
a: Renounce Religion, Berserk, Trog's Hand, Brothers in Arms


You were on level 9 of the Dungeon.
You worshipped Trog.
Trog was extremely pleased with you.
You visited 1 branch of the dungeon, and saw 9 of its levels.

You collected 503 gold pieces.
You spent 264 gold pieces at shops.

Inventory:

Hand Weapons
 u - a +1 war axe of protection (weapon)
 E - a +2 mace of venom
Missiles
 a - 11 boomerangs
 h - 2 throwing nets
Armour
 b - a +0 chain mail (worn)
 q - a +0 cloak (worn)
 w - a +2 kite shield (worn)
 x - a +2 hat (worn)
 y - a +0 pair of gloves (worn)
Jewellery
 c - a ring of magical power
 i - the ring "Nixaanenn" (left hand) {Int+6 Dex+6}
   (You found it on level 2 of the Dungeon)

   [ring of intelligence]

   Int:       It affects your intelligence (+6).
   Dex:       It affects your dexterity (+6).
 k - an amulet of guardian spirit
 l - an amulet of regeneration (around neck)
 r - the ring of Noattuel (right hand) {rC++ SInv}
   (You acquired it on level 6 of the Dungeon)

   [ring of see invisible]

   rC:        It greatly protects you from cold.
   SInv:      It lets you see invisible.
 t - a +4 ring of protection
Wands
 g - a wand of iceblast (5)
 m - a wand of mindburst (12)
 v - a wand of charming (6)
 B - a wand of polymorph (1)
 C - a wand of digging (14)
 D - a wand of flame (16)
Scrolls
 d - 2 scrolls of identify
 e - a scroll of teleportation
 A - 2 scrolls of vulnerability
Potions
 f - 2 potions of magic
 j - 5 potions of curing
 o - 2 potions of attraction
 p - a potion of might
 s - a potion of berserk rage
 z - a potion of cancellation
 F - a potion of invisibility


   Skills:
 + Level 9.7 Fighting
 + Level 9.8 Axes
 + Level 9.4 Armour
 + Level 8.6 Dodging
 + Level 6.7 Shields


You had 9 spell levels left.
You didn't know any spells.
Your spell library was empty.

Dungeon Overview and Level Annotations

Branches:
Dungeon (10/15)            Temple (0/1) D:5
   Lair: D:8-11         Orc: D:9-12

Altars:
Trog

Shops:
D:4 *   D:9 :[!(?

Annotations:
D:9 1 transporter, drugrobin's ghost, novice DgFi


Innate Abilities, Weirdness & Mutations

You have a pair of horns on your head.
You reflexively headbutt those who attack you in melee.
You expend magic power (3 MP) to strengthen your wands.


Message History

You completely miss drugrobin's ghost. You slash the two-headed ogre!
The two-headed ogre rages.
The tengu warrior hits you with a +0 long sword!!
The tengu warrior pecks you but does no damage.
The tengu warrior claws you but does no damage.
You slash the tengu warrior! You headbutt the tengu warrior.
The tengu warrior is moderately wounded.
You hit drugrobin's ghost. You barely miss the two-headed ogre.
The two-headed ogre hits you with a +0 giant club!
The two-headed ogre barely misses you. Drugrobin's ghost misses you.
You block the tengu warrior's attack.
The tengu warrior pecks you but does no damage.
The tengu warrior claws you!
* * * LOW HITPOINT WARNING * * *
You barely miss the tengu warrior. The tengu warrior blocks your attack.
The tengu warrior is moderately wounded.
You slash drugrobin's ghost! You slash the two-headed ogre!
The two-headed ogre hits you with a +0 giant club!!
* * * LOW HITPOINT WARNING * * *
You block the two-headed ogre's attack.
You block the tengu warrior's attack. x2
The tengu warrior claws you but does no damage.
Drugrobin's ghost misses you.
Okay, then.
You slash the tengu warrior!
The tengu warrior is moderately wounded.
You barely miss drugrobin's ghost. You hit the two-headed ogre.
You block the tengu warrior's attack. x2
The tengu warrior claws you but does no damage.
You block the two-headed ogre's attack.
The two-headed ogre hits you with a +0 giant club.
* * * LOW HITPOINT WARNING * * *
You slash the tengu warrior!
The tengu warrior is heavily wounded.
You hit drugrobin's ghost. You slash the two-headed ogre!
You block drugrobin's ghost's attack. You block the tengu warrior's attack.
The tengu warrior pecks you.
* * * LOW HITPOINT WARNING * * *
You block the tengu warrior's attack.
The two-headed ogre hits you with a +0 giant club!
You die...

..# ##...# ###....##........#
.#### #..####≈#.######....######
##..## #..#o.##?o[≈#..#....#....#
##...###).#Oy..?_[###©#...##....#
......#...#.W.#.O.....#...##....#
........).##O.#≈#....##...##....#
...........#..##Ooy..#....##.)))#
#..........#####OQO.##.....####)#
##...#......###.@W###.........))#
.##......)....#####..........####
..#.............©...........##
..#................##########
..#.......#....#####
.###....##....## ###>..........#
#............## .............#


You could see a tengu warrior (berserk), 3 two-headed ogres, a moth of wrath, an
orc warrior (berserk) and drugrobin's ghost.

Vanquished Creatures
  Erica (D:9)
  A two-headed ogre (D:9)
  The ghost of bande the Covered, a novice GrFi of Okawaru (D:6)
  A cyclops (D:9)
  An ugly thing (D:9)
  A troll (D:9)
  Prince Ribbit (D:7)
  A yak (D:9)
  A steam dragon (D:9)
  The ghost of IdlyInterested the Slasher, an amateur DsGl (D:3)
  Menkaure (D:5)
  Duvessa (D:7)
  A water moccasin (D:5)
  4 sky beasts
  2 orc warriors
  4 ogres
  A centaur (D:9)
  3 kobold brigands
  A necrophage (D:5)
  3 bullfrogs
  A scorpion (D:4)
  2 gnoll sergeants (D:9)
  4 killer bees (D:7)
  Dowan (D:7)
  A howler monkey (D:9)
  A hound (D:5)
  A jelly (D:6)
  5 orc priests
  3 iguanas
  6 orc wizards
  14 gnolls
  6 adders
  A shadow imp (D:7)
  2 white imps
  An ufetubus (D:3)
  2 worms
  5 dart slugs
  47 orcs
  10 ball pythons
  5 bats
  5 endoplasms
  2 giant cockroaches
  9 goblins
  3 hobgoblins (D:2)
  8 jackals
  6 quokkas
  3 frilled lizards
  10 kobolds
  6 rats
201 creatures vanquished.

Notes
Turn   | Place    | Note
-------+----------+-------------------------------------------
     0 | D:1      | sammy202020 the Minotaur Berserker began the quest for the
                  | Orb.
     0 | D:1      | Reached XP level 1. HP: 19/19 MP: 0/0
   110 | D:1      | Reached XP level 2. HP: 27/27 MP: 1/1
   450 | D:1      | Reached XP level 3. HP: 32/33 MP: 2/2
   493 | D:1      | Reached ** piety under Trog
  1158 | D:2      | Identified the ring "Nixaanenn" {Int+6 Dex+6}
  1478 | D:2      | Reached XP level 4. HP: 39/40 MP: 3/3
  1796 | D:3      | Found a runed translucent door.
  1797 | D:3      | Noticed IdlyInterested's ghost (amateur DsGl)
  1814 | D:3      | Killed IdlyInterested's ghost
  1815 | D:3      | Reached XP level 5. HP: 41/47 MP: 4/4
  1817 | D:3      | Reached skill level 5 in Axes
  1881 | D:3      | Reached skill level 5 in Fighting
  2057 | D:3      | Reached XP level 6. HP: 56/56 MP: 5/5
  2655 | D:4      | Reached *** piety under Trog
  2661 | D:4      | Reached skill level 5 in Armour
  2661 | D:4      | Reached XP level 7. HP: 25/62 MP: 6/6
  2887 | D:4      | Found Keonoozao's General Store.
  3307 | D:5      | Entered Level 5 of the Dungeon
  3309 | D:5      | Noticed Menkaure
  3314 | D:5      | Killed Menkaure
  3315 | D:5      | Reached skill level 5 in Dodging
  3353 | D:5      | Found a staircase to the Ecumenical Temple.
  3446 | D:5      | Reached XP level 8. HP: 61/71 MP: 7/7
  4073 | D:6      | Reached skill level 1 in Shields
  4432 | D:6      | Identified a scroll of acquirement
  4432 | D:6      | Acquired the ring of Noattuel {rC++ SInv}
  4492 | D:6      | Found a runed translucent door.
  4865 | D:6      | Noticed bande's ghost (novice GrFi)
  4889 | D:6      | Killed bande's ghost
  4890 | D:6      | Reached XP level 9. HP: 75/81 MP: 8/8
  4947 | D:7      | Noticed Duvessa
  4947 | D:7      | Noticed Dowan
  4953 | D:7      | Killed Dowan
  4966 | D:7      | Killed Duvessa
  5064 | D:7      | Noticed Prince Ribbit
  5085 | D:7      | Killed Prince Ribbit
  5085 | D:7      | Reached **** piety under Trog
  5430 | D:7      | You fall into a shaft and drop 3 floors!
  5430 | D:10     | Entered Level 10 of the Dungeon
  5430 | D:10     | Noticed a centaur warrior
  5430 | D:10     | Noticed a troll
  5433 | D:9      | Found Edaaddic's Magic Scroll Emporium.
  5433 | D:9      | Found Gexeetyt's Weapon Shoppe.
  5445 | D:9      | Found a transporter.
  5453 | D:9      | Noticed a two-headed ogre
  5453 | D:9      | Noticed a two-headed ogre
  5455 | D:9      | Noticed drugrobin's ghost (novice DgFi)
  5458 | D:9      | Found a transporter.
  5468 | D:9      | Found Memiotysh's Distillery.
  5471 | D:9      | Bought a potion of mutation for 88 gold pieces
  5471 | D:9      | Bought a potion of mutation for 88 gold pieces
  5471 | D:9      | Bought a potion of mutation for 88 gold pieces
  5473 | D:9      | Gained mutation: Your movements are slightly less
                  | encumbered by armour. (ER -2) [potion of mutation]
  5473 | D:9      | Gained mutation: You are dopey. (Int -2) [potion of
                  | mutation]
  5473 | D:9      | Gained mutation: You are agile. (Dex +2) [potion of
                  | mutation]
  5474 | D:9      | Lost mutation: You are dopey. (Int -2) [potion of mutation]
  5474 | D:9      | Lost mutation: Your movements are slightly less encumbered
                  | by armour. (ER -2) [potion of mutation]
  5474 | D:9      | Gained mutation: You are somewhat resistant to further
                  | mutation. [potion of mutation]
  5475 | D:9      | Lost mutation: You are somewhat resistant to further
                  | mutation. [potion of mutation]
  5475 | D:9      | Lost mutation: You are agile. (Dex +2) [potion of mutation]
  5475 | D:9      | Gained mutation: You are frail. (-10% HP) [potion of
                  | mutation]
  5475 | D:9      | Gained mutation: Your spells are a little easier to cast,
                  | but a little less powerful. [potion of mutation]
  5476 | D:9      | Lost mutation: Your spells are a little easier to cast, but
                  | a little less powerful. [potion of mutation]
  5476 | D:9      | Lost mutation: You are frail. (-10% HP) [potion of
                  | mutation]
  5476 | D:9      | Gained mutation: You have a pair of large horns on your
                  | head. [potion of mutation]
  5476 | D:9      | Gained mutation: You possess an exceptional clarity of
                  | mind. [potion of mutation]
  5476 | D:9      | Lost mutation: You have a pair of large horns on your head.
                  | [potion of mutation]
  5476 | D:9      | Gained mutation: Your movements are slightly less
                  | encumbered by armour. (ER -2) [potion of mutation]
  5478 | D:9      | Lost mutation: You possess an exceptional clarity of mind.
                  | [potion of mutation]
  5478 | D:9      | Lost mutation: Your movements are slightly less encumbered
                  | by armour. (ER -2) [potion of mutation]
  5478 | D:9      | Gained mutation: You expend magic power (3 MP) to
                  | strengthen your wands. [potion of mutation]
  5490 | D:9      | Found a bloodstained altar of Trog.
  5492 | D:9      | Noticed a moth of wrath
  5512 | D:9      | Noticed a green ugly thing
  5514 | D:9      | Noticed Erica
  5519 | D:9      | Noticed a two-headed ogre
  5534 | D:9      | Killed a two-headed ogre
  5535 | D:9      | Reached skill level 5 in Shields
  5535 | D:9      | Reached XP level 10. HP: 50/90 MP: 9/9
  5543 | D:9      | Killed a green ugly thing
  5561 | D:9      | Killed Erica
  5643 | D:9      | Noticed a two-headed ogre
  5652 | D:9      | Noticed a tengu warrior
  5763 | D:9      | Noticed a cyclops
  5779 | D:9      | Killed a cyclops
  6032 | D:9      | Found Aloh's Antique Armour Emporium.
  6127 | D:9      | Found Nyuzun's Book Shoppe.
  6271 | D:9      | Reached ***** piety under Trog
  6372 | D:9      | Slain by a two-headed ogre

Illustrated notes

Levels and vault maps discovered:
D:1:      lightli_arrival_farm, layout_basic, minmay_misc_feat_rows
D:2:      layout_loops_ring
D:3:      layout_basic, ebering_ghost_inner_flame
D:4:      layout_basic, serial_shops, nicolae_shop_hallway_stairs
D:5:      layout_basic, minmay_temple_entry_stoned_glass, uniq_menkaure
D:6:      layout_basic, serial_glass, glass_columns_a, glass_columns_c,
          feat_on_display, ebering_ghost_reflecting_pool
D:7:      layout_cave_pods, uniq_prince_ribbit1, uniq_duvessa
D:9:      kennysheep_six_static_rooms, layout_layer_cave,
          gammafunk_ghost_wrathful_warriors, serial_shops, shop,
          kennysheep_mini_moat, shop, nicolae_shop_stone, shop, special_room
          [special_room_orc], uniq_erica
D:10:     layout_basic, okawaru_trees_1, serial_shops, kennysheep_little_box

Skill      XL: |  1  2  3  4  5  6  7  8  9 10 |
---------------+-------------------------------+-----
Fighting       | 4 5 6 7 8 9 |  9.7
Axes           | 4 5 6 7 9 |  9.8
Armour         | 3 4 5 6 7 8 9 |  9.4
Dodging        | 3 4 5 6 7 8 |  8.6
Shields        | 3 5 6 |  6.7

Action                   |  1- 3 |  4- 6 |  7- 9 | 10-12 || total
-------------------------+-------+-------+-------+-------++-------
Melee: Hand axe          |    81 |    69 |       |       ||   150
       Headbutt          |    13 |    20 |    53 |    23 ||   109
       Punch             |     1 |     4 |     1 |       ||     6
       War axe           |       |    22 |   210 |    94 ||   326
Invok: Berserk           |       |     3 |     1 |     2 ||     6
       Trog's Hand       |       |     1 |       |     3 ||     4
  Use: Scroll            |       |    10 |    10 |     3 ||    23
       Potion            |       |       |     5 |     1 ||     6
Armor: Ring mail         |    34 |    24 |       |       ||    58
       Chain mail        |       |    11 |   107 |    43 ||   161
Dodge: Dodged            |    48 |    50 |    93 |    40 ||   231
Block: Kite shield       |       |       |   117 |    86 ||   203

Table legend: (Time is in decaauts)
 A = Elapsed time spent in this place.
 B = Non-inter-level travel time spent in this place.
 C = Inter-level travel time spent in this place.
 D = Time resting spent in this place.
 E = Time spent auto-exploring this place.
 F = Levels seen in this place.
 G = Mean time per level.
                   A        B        C        D        E       F      G
               +--------+--------+--------+--------+--------+-----+--------+
         Total |   6505 |   6102 |    403 |    128 |   4287 |   9 |  722.8 |
       Dungeon |   6505 |   6102 |    403 |    128 |   4287 |   9 |  722.8 |
               +--------+--------+--------+--------+--------+-----+--------+

Top non-repeatable levels by time:
     D:1: 1038 daAuts
     D:9: 943 daAuts
     D:6: 911 daAuts
     D:3: 886 daAuts
     D:5: 767 daAuts
     D:4: 751 daAuts
     D:2: 694 daAuts
     D:7: 507 daAuts
    D:10: 2 daAuts
